 Dungeon Crawl Stone Soup version 0.32-a0-938-g40ac7a0f4d (webtiles) character file.

Game seed: 11686182308067809015

2141 pokeman the Thaumaturge (level 9, -6/50 HPs)
             Began as a Deep Elf Hedge Wizard on Apr 15, 2024.
             Was a Follower of Vehumet.
             Shot with an arrow by a centaur (10 damage)
             ... on level 7 of the Dungeon.
             The game lasted 00:15:25 (6298 turns).

pokeman the Thaumaturge (Deep Elf Hedge Wizard)     Turns: 6298, Time: 00:15:26

Health: -6/50      AC:  7    Str:  7    XL:     9   Next: 9%
Magic:  16/25      EV: 11    Int: 27    God:    Vehumet [*.....]
Gold:   268        SH:  0    Dex: 12    Spells: 17/29 levels left

rFire   . . .        b - +1 whip (venom)
rCold   . . .        (no shield)
rNeg    + + .        F - +0 robe of Disguise {rElec}
rPois   +            a - +2 helmet of the Pits of Slime {^Drain rN++ Will+ Int+3}
rElec   +            j - +0 cloak
rCorr   .            t - +0 pair of gloves
SInv    .            (no boots)
Will    +....        (no amulet)
Stlth   +++          M - ring "Iducre" {Wiz rPois Dex-2 Stlth+}
HPRegen 0.28/turn    C - ring of flight
MPRegen 0.19/turn

%: wizardry (x1)
@: flying
A: no striking features
a: Renounce Religion


You were on level 7 of the Dungeon.
You worshipped Vehumet.
Vehumet was aware of your devotion.
You visited 2 branches of the dungeon, and saw 8 of its levels.

You collected 268 gold pieces.

Inventory:

Hand Weapons
 b - a +1 whip of venom (weapon)
Armour
 a - the +2 helmet of the Pits of Slime (worn) {^Drain rN++ Will+ Int+3}
   (You found it on level 2 of the Dungeon)

   Int+3:     It affects your intelligence (+3).
   rN++:      It greatly protects you from negative energy.
   Will+:     It increases your willpower.
   ^Drain:    It drains your maximum health when unequipped.
 j - a +0 cloak (worn)
 t - a +0 pair of gloves (worn)
 F - the +0 robe of Disguise (worn) {rElec}
   (You found it on level 5 of the Dungeon)

   rElec:     It insulates you from electricity.
 J - a +2 ring mail of fire resistance
Magical Staves
 k - a staff of cold
 r - a staff of death
Jewellery
 e - a ring of wizardry
 f - a ring of wizardry
 o - a ring of ice
 C - a ring of flight (right hand)
 D - a ring of protection from fire
 K - an amulet of faith
 M - the ring "Iducre" (left hand) {Wiz rPois Dex-2 Stlth+}
   (You took it off an orc warrior on level 7 of the Dungeon)

   [ring of wizardry]

   Wiz:       It improves your spell success rate.
   Dex-2:     It affects your dexterity (-2).
   rPois:     It protects you from poison.
   Stlth+:    It makes you more stealthy.
Wands
 B - a wand of mindburst (12)
 H - a wand of roots (8)
Scrolls
 l - 3 scrolls of teleportation {unknown}
 m - 2 scrolls of immolation {unknown}
 n - 2 scrolls of blinking {unknown}
 p - 2 scrolls of enchant armour {unknown}
 s - 2 scrolls of amnesia {unknown}
 v - 7 scrolls of identify {unknown}
 w - 2 scrolls of torment {unknown}
 y - 2 scrolls of fear {unknown}
 G - 2 scrolls of revelation {unknown}
 L - a scroll of vulnerability {unknown}
Potions
 c - a potion of ambrosia {unknown}
 d - 2 potions of magic
 g - 3 potions of curing {unknown}
 h - a potion of resistance {unknown}
 i - a potion of invisibility {unknown}
 q - a potion of haste {unknown}
 u - a potion of experience {unknown}
 x - 2 potions of might {unknown}
 z - a potion of attraction {unknown}
 A - a potion of heal wounds {unknown}
 E - a potion of brilliance {unknown}
 I - a potion of degeneration {unknown}


   Skills:
 - Level 3.0 Fighting
 + Level 2.2 Armour
 - Level 3.0 Dodging
 - Level 3.1 Stealth
 * Level 10.7 Spellcasting
 + Level 5.7 Conjurations
 - Level 1.1 Summonings
 - Level 1.0 Necromancy
 - Level 1.1 Translocations
 - Level 1.1 Fire Magic
 + Level 4.9 Ice Magic
 - Level 1.0 Air Magic
 - Level 1.0 Alchemy
 - Level 1.0 Evocations


You had 17 spell levels left.
You knew the following spells:

 Your Spells              Type           Power      Damage    Failure   Level
a - Magic Dart            Conj           100%       1d8       1%          1
b - Mephitic Cloud        Conj/Alch/Air  28%        N/A       1%          3
c - Call Imp              Summ           40%        N/A       1%          2
d - Blink                 Tloc           40%        N/A       1%          2
e - Flame Wave            Conj/Fire      33%        2d10      4%          4

Your spell library contained the following spells:

 Spells                   Type           Power      Damage    Failure   Level
 Freeze                   Ice            100%       1d10      1%          1
 Shock                    Conj/Air       100%       1d9       1%          1
 Slow                     Hex            56%        N/A       1%          1
 Cigotuvi's Dreadful Rot  Necr/Alch/Air  40%        N/A       1%          2
 Ensorcelled Hibernation  Hex/Ice        54%        N/A       1%          2
 Lesser Beckoning         Tloc           40%        N/A       1%          2
 Searing Ray              Conj           90%        2d7       1%          2
 Dazzling Flash           Conj/Hex       58%        N/A       1%          3
 Fugue of the Fallen      Necr           20%        N/A       3%          3
 Maxwell's Portable Pile  Tloc           20%        2d(7-19)  3%          3
 Swiftness                Air            20%        N/A       3%          3
 Teleport Other           Tloc           20%        N/A       3%          3
 Inner Flame              Hex/Fire       17%        N/A       4%          3
 Fulminant Prism          Conj/Alch      16%        3d10      4%          4
 Airstrike                Air            10%        2d(2-18)  11%         4
 Sticky Flame             Fire/Alch      20%        2d6       11%         4
 Anguish                  Hex/Necr       8%         N/A       13%         4
 Curse of Agony           Necr           20%        N/A       28%         5
 Silence                  Hex/Air        8%         N/A       32%         5
 Dispersal                Tloc           10%        N/A       80%         6
 Gell's Gavotte           Tloc           10%        2d(16-23) 80%         6


Dungeon Overview and Level Annotations

Branches:
Dungeon (7/15)             Temple (1/1) D:4

Altars:
Cheibriados
Dithmenos
Elyvilon
Gozag
Hepliaklqana
Kikubaaqudgha
Makhleb
Nemelex Xobeh
Okawaru
Qazlal
Ru
Sif Muna
Trog
Uskayaw
Vehumet
Wu Jian
Xom
Yredelemnul
Zin
The Shining One

Shops:
D:5 :!


Message History

The manticore appears confused.
Unknown command.
The manticore is engulfed in noxious fumes.
The manticore appears confused.
The manticore is engulfed in noxious fumes.
You hit the manticore but do no damage.
The manticore is lightly wounded.
The manticore is engulfed in noxious fumes.
The manticore appears confused.
The manticore bites you. The manticore claws you! The manticore claws you.
The manticore is engulfed in noxious fumes.
You hit the manticore.
The manticore is poisoned.
The manticore is lightly wounded.
The manticore is engulfed in noxious fumes.
The manticore appears confused.
The manticore bites you! The manticore misses you.
The manticore closely misses you.
Casting: Mephitic Cloud (safe; 1% risk of failure)
Confirm with . or Enter, or press ? or * to list all spells.
Casting: Flame Wave (dangerous; 4% risk of failure)
Press: ? - help, Dir - look around, f - activate A wave of flame ripples out!
The flame wave engulfs the manticore!
The manticore is moderately wounded. (Press . to intensify the flame waves.)
A centaur comes into view.
The manticore is engulfed in noxious fumes.
The manticore appears confused.
The manticore closely misses you. x2
The manticore completely misses you.
A wave of flame ripples out!
The flame wave engulfs the manticore.
The manticore is heavily wounded.
You hear a shout!
The manticore is engulfed in noxious fumes.
The manticore bites you!
* * * LOW HITPOINT WARNING * * *
The manticore claws you.
* * * LOW HITPOINT WARNING * * *
The manticore closely misses you.
The manticore is engulfed in noxious fumes.
The centaur wields a +0 orcbow.
The centaur shoots an arrow.
The arrow closely misses you.
The centaur shoots an arrow.
The arrow hits you!
You die...

.##.########
#(##
#..o..##
.##.#
#..####.####
.##.###
#c..##..#
......#
#....#..#
###.#.#
#.##...##
#.#.#####
#☼###.##
#.#.....###
#H)####
#.#####...#
##.# #..
###.####@#
### #...##.#
###)##.#####
#.......>#
########.#


You could see a manticore (confused, very poisoned) and a centaur.

Vanquished Creatures
  Grinder (D:6)
  Menkaure (D:6)
  Edmund (D:6)
  A water moccasin (D:6)
  An orc warrior (D:7)
  An ice beast (D:5)
  2 centaurs
  An ogre (D:7)
  3 wights (D:7)
  A howler monkey (D:5)
  2 hounds (D:5)
  5 bombardier beetles
  A jelly (D:5)
  3 gnoll boudas (D:7)
  3 orc priests
  4 iguanas
  4 orc wizards
  4 adders
  16 gnolls
  A white imp (D:7)
  A ribbon worm (D:2)
  A dart slug (D:5)
  20 orcs
  5 endoplasms
  A giant cockroach (D:2)
  9 goblins
  10 hobgoblins
  11 jackals
  3 quokkas
  4 ball pythons
  4 bats
  A frilled lizard (D:3)
  10 kobolds
  3 rats
139 creatures vanquished.

Vanquished Creatures (collateral kills)
  Ijyb (D:4)
  An adder (D:2)
2 creatures vanquished.

Grand Total: 141 creatures vanquished

Notes
Turn   | Place    | Note
-------+----------+-------------------------------------------
     0 | D:1      | pokeman the Deep Elf Hedge Wizard began the quest for the
                  | Orb.
     0 | D:1      | Reached XP level 1. HP: 10/10 MP: 7/7
   364 | D:1      | Reached XP level 2. HP: 16/16 MP: 2/9
   540 | D:1      | Found a faded altar of an unknown god.
   834 | D:1      | Reached skill level 5 in Spellcasting
   998 | D:2      | Reached XP level 3. HP: 20/20 MP: 1/11
  1002 | D:2      | Learned a level 3 spell: Mephitic Cloud
  1005 | D:2      | Learned a level 2 spell: Blink
  1020 | D:2      | Learned a level 2 spell: Call Imp
  1364 | D:2      | Reached skill level 1 in Fighting
  1364 | D:2      | Reached skill level 1 in Armour
  1516 | D:2      | Reached XP level 4. HP: 25/25 MP: 5/13
  1630 | D:2      | Identified the +2 helmet of the Pits of Slime {^Drain rN++
                  | Will+ Int+3}
  2095 | D:3      | Found a sparkling altar of Nemelex Xobeh.
  2616 | D:3      | Found a sacrificial altar of Ru.
  2874 | D:4      | Reached skill level 6 in Spellcasting
  2874 | D:4      | Reached XP level 5. HP: 29/29 MP: 4/15
  3040 | D:4      | Found a staircase to the Ecumenical Temple.
  3049 | Temple   | Entered the Ecumenical Temple
  3231 | D:4      | Noticed Ijyb
  3246 | D:4      | Reached skill level 1 in Necromancy
  3277 | D:4      | Killed Ijyb
  3278 | D:4      | Reached skill level 1 in Alchemy
  3476 | D:4      | Reached XP level 6. HP: 34/34 MP: 13/17
  3496 | D:4      | Reached skill level 1 in Ice Magic
  3496 | D:4      | Reached skill level 1 in Air Magic
  3496 | D:4      | Reached skill level 1 in Evocations
  3850 | D:4      | Found a shimmering blue altar of Sif Muna.
  3908 | D:4      | Found a white marble altar of Elyvilon.
  3914 | D:4      | Learned a level 4 spell: Flame Wave
  4050 | D:5      | Entered Level 5 of the Dungeon
  4050 | D:5      | Found a basalt altar of Yredelemnul.
  4089 | D:5      | Noticed an ice beast
  4091 | D:5      | Reached skill level 7 in Spellcasting
  4220 | D:5      | Found Xaclig's Book Shop.
  4221 | D:5      | Found Nohac's Distillery.
  4249 | D:5      | Killed an ice beast
  4250 | D:5      | Reached skill level 1 in Fire Magic
  4250 | D:5      | Reached XP level 7. HP: 26/38 MP: 10/19
  4619 | D:5      | Identified the +0 robe of Disguise {rElec}
  4670 | D:5      | Reached skill level 8 in Spellcasting
  4833 | D:6      | Noticed Menkaure
  4841 | D:6      | Killed Menkaure
  4859 | D:6      | Reached XP level 8. HP: 21/45 MP: 1/22
  4988 | D:6      | Reached skill level 9 in Spellcasting
  5133 | D:6      | Noticed Grinder
  5144 | D:6      | Killed Grinder
  5263 | D:6      | Found a radiant altar of Vehumet.
  5271 | D:6      | Became a worshipper of Vehumet
  5303 | D:6      | Noticed Edmund
  5323 | D:6      | Killed Edmund
  5324 | D:6      | Reached skill level 5 in Conjurations
  5345 | D:6      | Identified the +3 ring mail of Geduf {Harm rPois rF- Int+5}
  5704 | D:7      | Reached skill level 10 in Spellcasting
  6042 | D:7      | Reached XP level 9. HP: 16/50 MP: 5/25
  6140 | D:7      | Identified the ring "Iducre" {Wiz rPois Dex-2 Stlth+}
  6244 | D:7      | Reached * piety under Vehumet
  6244 | D:7      | Offered knowledge of Freeze by Vehumet.
  6284 | D:7      | Noticed a manticore
  6298 | D:7      | Shot with an arrow by a centaur

Illustrated notes

Levels and vault maps discovered:
D:1:      ncdulo_lavacross, layout_loops_ring, chequers_ecumenical_altar_twisty,
          nicolae_grassy_gnolls
D:2:      layout_basic
D:3:      layout_rooms, nemelex_dance_club_becter, mainiacjoe_overflow_alcove_2
D:4:      layout_loops_ring, lemuel_crystal_altar, elyvilon_altar_1,
          minmay_temple_entry_tees, minmay_misc_feat_cross, nrook_campfire,
          uniq_ijyb
D:5:      layout_rooms, mainiacjoe_overflow_small_starburst,
          minmay_misc_feat_plants, nicolae_wooded_promenade
D:6:      corexii_shack_village, layout_rooms, fiery_altar_vehumet,
          uniq_grinder, uniq_menkaure, uniq_edmund
D:7:      kennysheep_seaside_town, layout_basic, pf_just_have_faith
Temple:   eino_temple_lava

Skill      XL: |  1  2  3  4  5  6  7  8 |
---------------+-------------------------+-----
Spellcasting   | 5 6 7 8 10 | 10.7
Fighting       | 1 2 3 |  3.0
Armour         | 1 2 |  2.2
Conjurations   | 2 3 4 5 |  5.7
Dodging        | 3 |  3.0
Stealth        | 3 |  3.1
Necromancy     | 1 |  1.0
Alchemy        | 1 |  1.0
Ice Magic      | 1 3 4 |  4.9
Air Magic      | 1 |  1.0
Evocations     | 1 |  1.0
Fire Magic     | 1 |  1.1
Summonings     | |  1.1
Translocations | |  1.1

Action                     |  1- 3 |  4- 6 |  7- 9 || total
---------------------------+-------+-------+-------++-------
  Melee: Dagger            |    46 |       |       ||    46
         Short sword       |       |    74 |     6 ||    80
         Whip              |       |       |    61 ||    61
   Cast: Magic Dart        |    64 |   127 |    71 ||   262
         Call Imp          |     3 |     3 |     2 ||     8
         Mephitic Cloud    |     2 |    11 |    18 ||    31
         Blink             |     1 |       |       ||     1
         Flame Wave        |       |     2 |    13 ||    15
  Evoke: Wand              |       |       |     4 ||     4
   Stab: Confused          |     2 |     9 |     8 ||    19
 Armour: Robe              |    27 |    39 |    52 ||   118
  Dodge: Dodged            |    32 |    34 |    61 ||   127

Table legend: (Time is in decaauts)
 A = Elapsed time spent in this place.
 B = Non-inter-level travel time spent in this place.
 C = Inter-level travel time spent in this place.
 D = Time resting spent in this place.
 E = Time spent auto-exploring this place.
 F = Levels seen in this place.
 G = Mean time per level.
                   A        B        C        D        E       F      G
               +--------+--------+--------+--------+--------+-----+--------+
         Total |   6300 |   6170 |    130 |    418 |   4644 |   8 |  787.5 |
       Dungeon |   6298 |   6168 |    130 |    418 |   4644 |   7 |  899.7 |
        Temple |      1 |      1 |      0 |      0 |      0 |   1 |    1.0 |
               +--------+--------+--------+--------+--------+-----+--------+

Top non-repeatable levels by time:
     D:4: 1342 daAuts
     D:2: 1045 daAuts
     D:1: 880 daAuts
     D:6: 858 daAuts
     D:3: 851 daAuts
     D:5: 819 daAuts
     D:7: 501 daAuts
  Temple: 1 daAuts
